 Dungeon Crawl Stone Soup version 0.23.1 (webtiles) character file.

Game seed: 825849121558173278

3519 Irenicus the Geomancer (level 9, 0/68 HPs)
             Began as a Deep Dwarf Earth Elementalist on Mar 17, 2019.
             Was a Follower of Makhleb.
             Slain by a bullfrog (4 damage)
             ... on level 8 of the Dungeon.
             The game lasted 00:31:42 (4432 turns).

Irenicus the Geomancer (DDEE)                       Turns: 4432, Time: 00:31:43

Health: 0/68       AC: 11    Str: 10 (12) XL:     9   Next: 81%
Magic:  3/14       EV: 12    Int: 17 (19) God:    Makhleb [*.....]
Gold:   193        SH:  9    Dex: 17 (18) Spells: 10/16 levels left

rFire    + + .     SeeInvis .   e - +0 dagger
rCold    . . .     Gourm    .   r - +2 buckler
rNeg     . . .     Faith    .   t - +0 leather armour {rF+}
rPois    .         Spirit   .   v - +0 helmet "Ygeusik" {rElec Regen+}
rElec    +         Reflect  .   w - +0 cloak
rCorr    .         Harm     .   z - +0 pair of gloves {archery}
MR       +....     Clarity  +   D - +1 pair of boots
Stlth    ++........             (no amulet)
HPRegen  0.00/turn              x - +3 ring of protection
MPRegen  0.14/turn              y - ring "Zeump" {+Fly rF+ Dex+3}

@: lethally poisoned (0 -> 0), non-regenerating, slowed, very slow
A: damage resistance, heal wounds, agile 1, clarity, sense surroundings 2, no
regeneration
a: Heal Wounds, Renounce Religion, Evoke Flight


You were on level 8 of the Dungeon.
You worshipped Makhleb.
Makhleb was aware of your devotion.
You were very hungry.

You visited 2 branches of the dungeon, and saw 9 of its levels.

You collected 380 gold pieces.
You spent 187 gold pieces at shops.

Inventory:

Hand Weapons
 e - a +0 dagger (weapon)
   (You took it off a goblin on level 1 of the Dungeon)
Armour
 r - a +2 buckler (worn)
   (You found it on level 3 of the Dungeon)
 t - a +0 leather armour of fire resistance (worn)
   (You found it on level 5 of the Dungeon)
 v - the +0 helmet "Ygeusik" (worn) {rElec Regen+}
   (You found it on level 4 of the Dungeon)

   It insulates you from electricity.
   It increases your rate of regeneration.
 w - a +0 cloak (worn)
   (You found it on level 6 of the Dungeon)
 z - a +0 pair of gloves of archery (worn)
   (You bought it in a shop on level 7 of the Dungeon)
 D - a +1 pair of boots (worn)
   (You found it on level 8 of the Dungeon)
Jewellery
 n - an uncursed ring of ice {rC+, rF-}
   (You found it on level 5 of the Dungeon)
 x - a +3 ring of protection (left hand)
   (You found it on level 6 of the Dungeon)
 y - the ring "Zeump" (right hand) {+Fly rF+ Dex+3}
   (You found it on level 6 of the Dungeon)

   [ring of flight]

   It affects your dexterity (+3).
   It protects you from fire.
   It lets you fly.
Wands
 B - a wand of digging (4)
   (You found it on level 8 of the Dungeon)
Scrolls
 a - 2 scrolls of enchant weapon {unknown}
 f - 4 scrolls of identify
 g - 3 scrolls of remove curse {unknown}
 h - 9 scrolls of teleportation
 j - 4 scrolls of enchant armour {unknown}
 k - 3 scrolls of amnesia {unknown}
 m - a scroll of blinking {unknown}
 s - a scroll of noise {unknown}
 A - a scroll of magic mapping {unknown}
 E - a scroll of vulnerability {unknown}
 F - a scroll of random uselessness {unknown}
Potions
 i - a potion of curing
 p - a potion of mutation {!q}
Comestibles
 d - 10 rations


   Skills:
 - Level 2.1 Dodging
 - Level 2.4 Stealth
 - Level 9.4 Shields
 - Level 4.0 Spellcasting
 - Level 0.8 Transmutations
 + Level 13.3 Earth Magic


You had 10 spell levels left.
You knew the following spells:

 Your Spells              Type           Power        Failure   Level  Hunger
a - Sandblast             Erth           #####.       1%          1    None
w - Passwall              Tmut/Erth      ####....     1%          2    ##.....
x - Stone Arrow           Conj/Erth      ####..       4%          3    ###....

Your spell library contained the following spells:

 Spells                   Type           Power        Failure   Level  Hunger
 Lee's Rapid Deconstruct  Erth           #####.....   2%          5    ######.
 Petrify                  Tmut/Erth      ####....     12%         4    ####...
 Freeze                   Ice            #...         22%         1    None
 Magic Dart               Conj           #...         22%         1    None
 Blink                    Tloc           N/A          32%         2    ##.....
 Call Imp                 Summ           #.......     32%         2    ##.....
 Slow                     Hex            #.......     32%         2    ##.....
 Throw Frost              Conj/Ice       #.....       32%         2    ##.....
 Conjure Flame            Conj/Fire      #.......     54%         3    ###....
 Mephitic Cloud           Conj/Pois/Air  #.......     54%         3    ###....
 Ozocubu's Armour         Chrm/Ice       #.......     54%         3    ###....
 Summon Ice Beast         Ice/Summ       #.......     91%         4    ####...
 Throw Icicle             Conj/Ice       #.......     91%         4    ####...


Dungeon Overview and Level Annotations

Branches:
Dungeon (8/15)             Temple (1/1) D:7
   Lair: D:8-11

Altars:
Ashenzari
Dithmenos
Elyvilon
Kikubaaqudgha
Makhleb
Ru
Trog
Wu Jian
Xom
Yredelemnul

Shops:
D:7 [

Annotations:
D:4 1 runed translucent door, Stil's ghost, amateur OpTm
D:8 exclusion: Eustachio, Eustachio; Maurice


Innate Abilities, Weirdness & Mutations

You are resistant to damage.
You can heal yourself by infusing magical energy.
You passively map the area around you.
You do not regenerate.
You are agile. (Dex +2)
You possess an exceptional clarity of mind.


Message History

You feel better. You block the hornet's attack. The hornet stings you!
You are poisoned.
You suddenly lose the ability to move!
The hornet stings you but does no damage.
The hornet stings you!
* * * LOW HITPOINT WARNING * * *
You feel as though you will be slow longer.
You can move again.
You take 5 damage, and have 16/68 hp.
Unknown command.
You feel better. You block the hornet's attack. x2
You regained 11 hp, and now have 27/68 hp.
Okay, then.
Here: Maurice, wielding a +0 flail, wearing a +0 cloak and carrying a wand of clouds (5) (heavily wounded, covering ground quickly)
The floor.
Unknown command.
As you read the scroll labeled YZOBLA LOETEM, it crumbles to dust.
You feel strangely unstable.
It was a scroll of teleportation.
The hornet barely misses you.
A freed slave opens the door.
The hornet closely misses you.
A bullfrog comes into view.
The hornet stings you.
You are poisoned.
You shrug off the repeated paralysis!
You take 4 damage, and have 23/68 hp.
Okay, then.
You feel yourself speed up.
Your surroundings suddenly seem different.
Maurice looks sneaky.
Aim: Maurice, wielding a +0 flail, wearing a +0 cloak and carrying a wand of clouds (5) (heavily wounded, covering ground quickly)
The stone arrow hits Maurice!
You now have 0/14 mp.
You miss Maurice. Maurice hits you but does no damage.
You closely miss Maurice.
Maurice gestures wildly while chanting.
Maurice flickers and vanishes!
You hit something. Something hits you.
Something steals 2 of your 6 scrolls labeled BEANUX ARRI!
You take 1 damage, and have 22/68 hp.
You miss something.
You hear some strange, mumbled words.
The bullfrog croaks.
You hit something. You block something's attack.
You miss something. Something hits you.
* * * LOW HITPOINT WARNING * * *
Something steals your 3 potions of flight!
You take 3 damage, and have 19/68 hp.
You miss something. You block the bullfrog's attack.
The bullfrog closely misses you.
The hornet buzzes angrily.
You hit the bullfrog.
The bullfrog hits you but does no damage.
You closely miss the bullfrog. The bullfrog barely misses you.
The bullfrog hits you but does no damage.
You hit the bullfrog but do no damage. The bullfrog hits you.
You hit the bullfrog. You block the bullfrog's attack.
The bullfrog hits you but does no damage.
You barely miss the bullfrog. The hornet closely misses you.
You block the bullfrog's attack. You block the hornet's attack.
You hit the bullfrog. The bullfrog closely misses you. The hornet stings you.
* * * LOW HITPOINT WARNING * * *
You are more poisoned.
You suddenly lose the ability to move!
The bullfrog hits you!
* * * LOW HITPOINT WARNING * * *
You can move again.
You hit the bullfrog. The hornet closely misses you.
You block the bullfrog's attack.
The hornet stings you but does no damage.
You closely miss the bullfrog. The bullfrog closely misses you.
The hornet stings you but does no damage.
You block the bullfrog's attack.
You hit the bullfrog but do no damage. The hornet barely misses you.
You block the bullfrog's attack. The hornet misses you.
You closely miss the bullfrog.
The bullfrog hits you but does no damage.
The hornet stings you but does no damage.
The bullfrog hits you.
You take 8 damage, and have 11/68 hp.
You hit the bullfrog. The hornet barely misses you.
You block the bullfrog's attack. The hornet stings you.
You feel yourself slow down.
You hit the bullfrog. The bullfrog closely misses you.
You block the hornet's attack. You block the bullfrog's attack.
The hornet stings you.
* * * LOW HITPOINT WARNING * * *
You are more poisoned.
You feel as though you will be slow longer.
You block the bullfrog's attack.
You take 1 damage, and have 10/68 hp.
You hit the bullfrog. You block the hornet's attack.
You block the bullfrog's attack. The hornet barely misses you.
You block the bullfrog's attack.
You hit the bullfrog. The hornet closely misses you. The bullfrog hits you!
* * * LOW HITPOINT WARNING * * *
You block the hornet's attack. The bullfrog closely misses you.
You take 6 damage, and have 4/68 hp.
You closely miss the bullfrog. You block the hornet's attack.
You block the bullfrog's attack. The hornet closely misses you.
The bullfrog hits you.
You die...

, , , .#............'..# , , ,
.........?....##.. , ,
####.#..#.#..#...##... ,, ,
.....#....#..#........#+#
#.........................+... #
#....##.......................
.##....##.......................
, ...............y...............
####............@F........##### #
p.##........##..##...##...# ### #
............###.##..)##...#######
...>.)...[...#...'...##...+.._..'
.............#...#........###.###
..##....##...#...#........# #.# #
..#####'##...#...#...###'.###'###
..##.....#..##..###[.#...........
..##.....#..##..###..#...........


You could see a hornet and a bullfrog.

Vanquished Creatures
  Pikel (D:8)
  Prince Ribbit (D:5)
  A water moccasin (D:6)
  An orc warrior (D:8)
  3 ice beasts
  An eye of draining (D:8)
  2 sky beasts
  2 ogres (D:6)
  2 phantoms
  2 bullfrogs
  5 wights (D:7)
  7 killer bees (D:8)
  A jelly (D:8)
  5 howler monkeys
  A crimson imp (D:4)
  A centaur zombie (D:6)
  5 orc priests
  4 hounds
  3 iguanas
  4 orc wizards
  4 worker ants
  A hound skeleton (D:4)
  2 worker ant zombies (D:5)
  4 gnolls (D:2)
  A howler monkey zombie (D:6)
  14 adders
  2 shadow imps (D:5)
  2 oozes
  An adder skeleton (D:7)
  4 worms
  3 dart slugs
  2 leopard geckos
  21 orcs
  3 giant cockroaches
  8 goblins
  7 hobgoblins
  4 jackals (D:7)
  A quokka (D:2)
  3 ball pythons
  7 bats
  4 frilled lizards
  5 kobolds
  A leopard gecko skeleton (D:4)
  9 rats
165 creatures vanquished.

Vanquished Creatures (others)
  A slave (D:8)
  A human (D:3)
  A bullfrog (D:8)
  An orc priest (D:8)
  A worker ant zombie (D:8)
  An adder (D:8)
6 creatures vanquished.

Grand Total: 171 creatures vanquished

Notes
Turn   | Place    | Note
-------+----------+-------------------------------------------
     0 | D:1      | Irenicus the Deep Dwarf Earth Elementalist began the quest
                  | for the Orb.
     0 | D:1      | Reached XP level 1. HP: 15/15 MP: 3/3
   138 | D:1      | Reached XP level 2. HP: 22/22 MP: 0/4
   208 | D:1      | Reached skill level 5 in Earth Magic
   278 | D:1      | Learned a level 2 spell: Passwall
   534 | D:1      | Reached XP level 3. HP: 26/28 MP: 1/5
   778 | D:2      | Reached skill level 2 in Spellcasting
   849 | D:2      | Reached skill level 6 in Earth Magic
   858 | D:2      | Learned a level 3 spell: Stone Arrow
   861 | D:2      | Reached XP level 4. HP: 24/36 MP: 0/7
  1348 | D:3      | Reached XP level 5. HP: 24/42 MP: 3/9
  1566 | D:3      | Found an ancient bone altar of Kikubaaqudgha.
  1569 | D:3      | Noticed a human
  1576 | D:3      | Killed a human
  1789 | D:4      | Reached skill level 3 in Spellcasting
  1789 | D:4      | Reached skill level 7 in Earth Magic
  1827 | D:4      | Reached skill level 1 in Shields
  1848 | D:4      | Found a basalt altar of Yredelemnul.
  1929 | D:4      | Reached XP level 6. HP: 25/49 MP: 1/10
  1943 | D:4      | HP: 8/49 [something/puff of flame (6)]
  1959 | D:4      | HP: 2/49 [iguana (11)]
  1963 | D:4      | Reached skill level 2 in Shields
  2014 | D:4      | Found a bloodstained altar of Trog.
  2014 | D:4      | Found a white marble altar of Elyvilon.
  2061 | D:4      | Noticed a sky beast
  2066 | D:4      | HP: 11/49 [sky beast (5)]
  2070 | D:4      | Killed a sky beast
  2078 | D:4      | Found a runed translucent door.
  2078 | D:4      | Noticed Stil's ghost (amateur OpTm)
  2100 | D:4      | Got a jewelled helmet
  2106 | D:4      | Identified the +0 helmet "Ygeusik" {rElec Regen+} (You
                  | found it on level 4 of the Dungeon)
  2210 | D:4      | Reached skill level 3 in Shields
  2212 | D:4      | HP: 5/49 [phantom (6)]
  2231 | D:4      | Reached skill level 4 in Spellcasting
  2231 | D:4      | Reached skill level 8 in Earth Magic
  2231 | D:4      | Reached XP level 7. HP: 31/55 MP: 9/13
  2327 | D:5      | Entered Level 5 of the Dungeon
  2635 | D:5      | Noticed Prince Ribbit
  2640 | D:5      | Killed Prince Ribbit
  2640 | D:5      | Reached skill level 4 in Shields
  2640 | D:5      | Reached skill level 9 in Earth Magic
  2885 | D:5      | Reached skill level 5 in Shields
  2982 | D:6      | Found an ornate altar of the Wu Jian Council.
  2994 | D:6      | Reached XP level 8. HP: 45/62 MP: 9/14
  3160 | D:6      | Reached skill level 10 in Earth Magic
  3175 | D:6      | Reached skill level 6 in Shields
  3387 | D:6      | Got a pitted glass ring
  3388 | D:6      | Identified the ring "Zeump" {+Fly rF+ Dex+3} (You found it
                  | on level 6 of the Dungeon)
  3408 | D:6      | Found a bloodstained altar of Trog.
  3472 | D:7      | Reached skill level 7 in Shields
  3612 | D:7      | HP: 9/62 [iguana (12)]
  3714 | D:7      | Reached skill level 11 in Earth Magic
  3735 | D:7      | Found a staircase to the Ecumenical Temple.
  3752 | Temple   | Entered the Ecumenical Temple
  3761 | Temple   | Became a worshipper of Makhleb the Destroyer
  3781 | D:7      | Gained mutation: You passively map the area around you.
                  | [Deep Dwarf growth]
  3781 | D:7      | Reached XP level 9. HP: 31/68 MP: 2/14
  3850 | D:7      | Found Rybo Raz's Antique Armour Shop.
  3853 | D:7      | Bought a pair of glowing gloves for 187 gold pieces
  3896 | D:7      | Irenicus: ?? archery
  3896 | D:7      | beem: gloves of archery[1/1]: Glove-slot armour providing
                  | +4 slaying for missiles; applies to all missiles including
                  | those simply thrown.
  3936 | D:8      | Noticed Pikel
  3943 | D:8      | Killed Pikel
  3943 | D:8      | Reached skill level 8 in Shields
  3943 | D:8      | Reached skill level 12 in Earth Magic
  4024 | D:8      | Found a sacrificial altar of Ru.
  4072 | D:8      | Reached skill level 9 in Shields
  4245 | D:8      | Noticed Eustachio
  4258 | D:8      | Noticed Maurice
  4266 | D:8      | Reached skill level 13 in Earth Magic
  4267 | D:8      | Reached * piety under Makhleb
  4283 | D:8      | HP: 23/102 [orc warrior/+0 long sword (3)]
  4288 | D:8      | HP: 19/102 [orc/+0 trident of protection (2)]
  4293 | D:8      | HP: 17/102 [orc warrior/+0 long sword (2)]
  4345 | D:8      | HP: 1/68 [hornet (10)]
  4356 | D:8      | Paralysed by a hornet for 1 turns
  4386 | D:8      | Paralysed by a hornet for 1 turns
  4390 | D:8      | Paralysed by a hornet for 3 turns
  4393 | D:8      | Gained mutation: You are agile. (Dex +2) [potion of
                  | mutation]
  4393 | D:8      | Gained mutation: You possess an exceptional clarity of
                  | mind. [potion of mutation]
  4396 | D:8      | Paralysed by a hornet for 2 turns
  4397 | D:8      | HP: 16/68 [hornet (8)]
  4423 | D:8      | HP: 15/68 [hornet (4)]
  4423 | D:8      | Paralysed by a hornet for 1 turns
  4429 | D:8      | HP: 10/68 [hornet (1)]
  4431 | D:8      | HP: 4/68 [bullfrog (6)]
  4432 | D:8      | Slain by a bullfrog

Skill      XL: |  1  2  3  4  5  6  7  8  9 |
---------------+----------------------------+-----
Earth Magic    | 5 6 7 8 9 11 13 | 13.3
Spellcasting   | 2 3 4 |  4.0
Shields        | 1 3 5 7 9 |  9.4
Dodging        | |  2.1
Stealth        | |  2.4
Transmutations | |  0.8

Action                   |  1- 3 |  4- 6 |  7- 9 || total
-------------------------+-------+-------+-------++-------
Melee: Unarmed           |     5 |       |       ||     5
       Dagger            |    19 |    46 |   120 ||   185
 Cast: Sandblast         |    41 |    78 |   121 ||   240
       Passwall          |     1 |    14 |    44 ||    59
       Stone Arrow       |     1 |       |    13 ||    14
 Abil: Heal Wounds       |       |     1 |     4 ||     5
Evoke: Wand              |     1 |     9 |    15 ||    25
  Use: Scroll            |       |     5 |     2 ||     7
       Potion            |       |     4 |    10 ||    14
 Stab: Sleeping          |     4 |     4 |     1 ||     9
       Confused          |       |     1 |       ||     1
  Eat: Chunk             |     1 |     5 |     5 ||    11
       Ration            |       |       |     1 ||     1
Armor: Robe              |     5 |       |       ||     5
       Leather armour    |     6 |    32 |    44 ||    82
       Skin              |       |       |    67 ||    67
Dodge: Dodged            |    23 |    43 |    93 ||   159
Block: Buckler           |       |     7 |   120 ||   127

Levels and vault maps discovered:
D:1:      wheals_arrival_linesprint, layout_loops_corners
D:2:      layout_basic
D:3:      layout_loops_ring, tgw_kikubaaqudgha
D:4:      layout_basic, gammafunk_temple_overflow_pools, marbit_many_paths,
          gammafunk_ghost_grave, first_ration
D:5:      kennysheep_six_static_rooms, layout_basic, uniq_prince_ribbit1
D:6:      layout_basic, nicolae_overflow_hidden_temple,
          minmay_misc_feat_hallway, lemuel_statue_altar
D:7:      layout_basic, minmay_temple_entry_wispy, serial_shops, kennysheep_mini
D:8:      layout_gridville, lemuel_blue_sif_altar, lemuel_doored_altar,
          sword_in_stone, uniq_psyche, uniq_pikel, uniq_maurice
Temple:   eino_temple_scatter_basement

Table legend:
 A = Turns spent in this place as a percentage of turns spent in the entire game.
 B = Non-inter-level travel turns spent in this place as a percentage of non-inter-level travel turns spent in the entire game.
 C = Inter-level travel turns spent in this place as a percentage of turns spent in this place.
 D = Turns resting spent in this place as a percentage of non-inter-level travel turns spent in this place.
 E = Turns spent auto-exploring this place as a percentage of non-inter-level travel turns spent in this place.
 F = Non-inter-level travel turns spent in this place divided by the number of levels of this place that you've seen.
                   A       B       C       D       E      F
               +-------+-------+-------+-------+-------+----------------------
         Total | 100.0 | 100.0 |   0.0 |   0.1 |   0.0 | 492.4
       Dungeon |  99.5 |  99.5 |   0.0 |   0.1 |   0.0 | 551.5
        Temple |   0.5 |   0.5 |   0.0 |   0.0 |   0.0 |  20.0
               +-------+-------+-------+-------+-------+----------------------

Table legend:
 A = Kills in this place as a percentage of kills in entire the game.
 B = Kills by you in this place as a percentage of kills by you in the entire game.
 C = Kills by friends in this place as a percentage of kills by friends in the entire game.
 D = Other kills in this place as a percentage of other kills in the entire game.
 E = Experience gained in this place as a percentage of experience gained in the entire game.
 F = Experience gained in this place divided by the number of levels of this place that you have seen.
                   A       B       C       D       E      F
               +-------+-------+-------+-------+-------+----------------------
         Total | 100.0 | 100.0 |   N/A |   N/A | 100.0 | 558.7
       Dungeon | 100.0 | 100.0 |   N/A |   N/A | 100.0 | 628.5
               +-------+-------+-------+-------+-------+----------------------
